 Dungeon Crawl Stone Soup version 0.28.0-53-g5a82cb258f (webtiles) character file.

Game seed: 11873494923633667212

709 Zeld the Bolt Thrower (level 7, -3/43 HPs)
             Began as a Gargoyle Hunter on May 26, 2022.
             Was an Initiate of the Shining One.
             Slain by a steam dragon (4 damage)
             ... on level 6 of the Dungeon.
             The game lasted 00:04:52 (4595 turns).

Zeld the Bolt Thrower (Gargoyle Hunter)             Turns: 4595, Time: 00:04:53

Health: -3/43      AC: 10    Str: 18    XL:     7   Next: 68%
Magic:  7/7        EV: 12    Int: 11    God:    the Shining One [......]
Gold:   165        SH:  0    Dex: 10    Spells: 6/6 levels left

rFire   . . .      SeeInvis .   b - +0 mace
rCold   . . .      Faith    .   (no shield)
rNeg    + . .      Spirit   .   c - +0 leather armour
rPois   ∞          Reflect  .   l - +0 helmet
rElec   +          Harm     .   g - +0 cloak
rCorr   .          Rampage  .   q - +0 pair of gloves
Will    +....                   (no boots)
Stlth   +.........              (no amulet)
HPRegen 0.14/turn               n - ring of willpower
MPRegen 0.10/turn               (no ring)

@: glowing
A: sickness immunity, AC +4, negative energy resistance 1, electricity
resistance, torment resistance 1, petrification resistance
a: Renounce Religion


You were on level 6 of the Dungeon.
You worshipped the Shining One.
The Shining One was noncommittal.
You visited 1 branch of the dungeon, and saw 5 of its levels.

You collected 165 gold pieces.

Inventory:

Hand Weapons
 a - a +1 hand crossbow
 b - a +0 mace (weapon)
Missiles
 d - 28 bolts
Armour
 c - a +0 leather armour (worn)
 g - a +0 cloak (worn)
 l - a +0 helmet (worn)
 q - a +0 pair of gloves (worn)
Jewellery
 n - a ring of willpower (left hand)
Wands
 r - a wand of mindburst (3)
 t - a wand of iceblast (3)
Scrolls
 e - 2 scrolls of teleportation
 h - a scroll of vulnerability {unknown}
 i - 2 scrolls of fog {unknown}
 j - a scroll of acquirement {unknown}
 m - a scroll of immolation {unknown}
 o - a scroll of identify {unknown}
 v - a scroll of torment {unknown}
Potions
 f - a potion of attraction {unknown}
 k - a potion of curing
 p - a potion of magic {unknown}
 s - a potion of haste {unknown}
 u - a potion of resistance {unknown}


   Skills:
 + Level 4.2 Fighting
 * Level 4.5 Maces & Flails
 * Level 6.2 Crossbows
 + Level 3.1 Dodging
 - Level 1.1 Stealth


You had 6 spell levels left.
You didn't know any spells.
Your spell library was empty.

Dungeon Overview and Level Annotations

Branches:
Dungeon (6/15)
 Temple: D:4-7

Altars:
Qazlal
Ru
Xom
Zin
The Shining One

Annotations:
D:3 2 transporters, THEBESTLOSER's ghost, weakling KoEn
D:6 Edmund


Innate Abilities, Weirdness & Mutations

You are immune to sickness and miasma.
Your stone body is resilient. (AC +4)
You are immune to poison.
You resist negative energy. (rN+)
You are resistant to electric shocks. (rElec)
You are resistant to unholy torment.
You are immune to petrification.


Message History

You kill the kobold!
The kobold completely misses you. The kobold brigand barely misses you.
The kobold hits you but does no damage.
Unknown command.
The kobold misses you.
The kobold brigand throws a curare-tipped dart.
The curare-tipped dart barely misses you.
Items here: ( )) †.
The kobold barely misses you.
The kobold throws a stone.
The stone closely misses you.
A steam dragon comes into view.
The steam dragon hisses angrily.
The kobold misses you.
You hit the kobold.
The kobold is severely wounded.
The kobold barely misses you.
You hit the kobold brigand.
You kill the kobold brigand!
You sock the kobold!
You kill the kobold!
The steam dragon barely misses you. The steam dragon closely misses you.
The kobold barely misses you.
Items here: (( )) ††.
You hit the kobold.
The kobold is severely wounded.
The kobold closely misses you. The steam dragon bites you.
* * * LOW HITPOINT WARNING * * *
The steam dragon closely misses you. The kobold barely misses you.
You hit the kobold but do no damage.
The kobold is severely wounded.
The steam dragon bites you but does no damage.
The steam dragon claws you.
* * * LOW HITPOINT WARNING * * *
The kobold hits you with a +0 short sword.
* * * LOW HITPOINT WARNING * * *
You hit the kobold.
You kill the kobold!
The steam dragon bites you but does no damage.
The steam dragon claws you.
You die...

#....##
#..........#
#.....
.......C....#
#....#
............#
#....##
.#..........#
#.....#
#######...##
#####.## #
#.)# . ##)#
.# #@# .. #D#
# #.# #.# #.#
#.# #######
#.. #......
#.. ##..####.
#...
.........


You could see a steam dragon.

Vanquished Creatures
  2 black bears
  A kobold brigand (D:6)
  A bullfrog (D:6)
  A scorpion (D:5)
  A howler monkey (D:5)
  2 jellies
  An iguana (D:5)
  An orc wizard (D:3)
  A hound skeleton (D:3)
  Robin (D:2)
  A gnoll (D:1)
  9 adders
  A dart slug (D:1)
  4 orcs
  4 bats
  3 endoplasms
  2 giant cockroaches (D:2)
  6 goblins
  7 hobgoblins
  3 quokkas
  3 ball pythons (D:1)
  2 frilled lizards
  13 kobolds
  A rat (D:2)
71 creatures vanquished.

Vanquished Creatures (others)
  4 toadstools (D:1)
4 creatures vanquished.

Grand Total: 75 creatures vanquished

Notes
Turn   | Place    | Note
-------+----------+-------------------------------------------
     0 | D:1      | Zeld the Gargoyle Hunter began the quest for the Orb.
     0 | D:1      | Reached XP level 1. HP: 12/12 MP: 1/1
   100 | D:1      | Found a faded altar of an unknown god.
   188 | D:1      | Reached XP level 2. HP: 16/17 MP: 2/2
   247 | D:1      | Reached skill level 1 in Maces & Flails
   742 | D:1      | Reached XP level 3. HP: 22/22 MP: 3/3
   928 | D:2      | Found a shimmering altar of Xom.
  1220 | D:2      | Noticed Robin
  2182 | D:2      | Killed Robin
  2183 | D:2      | Reached XP level 4. HP: 19/27 MP: 4/4
  2752 | D:3      | Reached XP level 5. HP: 32/32 MP: 5/5
  3100 | D:3      | Found a transporter.
  3106 | D:3      | Found a transporter.
  3106 | D:3      | Noticed THEBESTLOSER's ghost (weakling KoEn)
  3215 | D:3      | Found a stormy altar of Qazlal.
  3296 | D:3      | Found a glowing golden altar of the Shining One.
  3355 | D:3      | Became a worshipper of the Shining One
  3452 | D:3      | You fall into a shaft and drop 3 floors!
  3458 | D:6      | Reached skill level 5 in Crossbows
  3460 | D:6      | Noticed a black bear
  3481 | D:6      | Reached XP level 6. HP: 22/37 MP: 6/6
  3481 | D:6      | Found a sacrificial altar of Ru.
  3510 | D:6      | Killed a black bear
  3598 | D:6      | Noticed a cyclops
  3639 | D:5      | Entered Level 5 of the Dungeon
  3918 | D:5      | Reached XP level 7. HP: 39/42 MP: 7/7
  3966 | D:5      | Reached skill level 6 in Crossbows
  4342 | D:5      | Found a glowing silver altar of Zin.
  4471 | D:6      | Noticed Edmund
  4587 | D:6      | Noticed a steam dragon
  4594 | D:6      | HP: 2/43 [steam dragon (1)]
  4595 | D:6      | Slain by a steam dragon

Illustrated notes

Levels and vault maps discovered:
D:1:      ldierk_water_garden, layout_basic,
          hellmonk_ecumenical_altar_heavens_door
D:2:      layout_rooms, basic_altar, uniq_robin
D:3:      layout_basic, mainiacjoe_overflow_catwalk,
          mainiacjoe_overflow_surrounded_room, gammafunk_ghost_arena,
          ebering_dispersal_statue_hall, nicolae_figureground_pulse
D:5:      layout_rooms, pdpol_temple_overflow_zin_treasury_gozag_greed,
          minmay_temple_entry_waves, wad_floor_pattern_1
D:6:      layout_rooms, lemuel_crystal_altar, chei_slow_surprise,
          portal_sewer_entry_e, uniq_edmund

Skill      XL: |  1  2  3  4  5  6  7 |
---------------+----------------------+-----
Maces & Flails | 1 2 3 4 |  4.5
Dodging        | 2 3 |  3.1
Fighting       | 3 4 |  4.2
Crossbows      | 5 6 |  6.2
Stealth        | |  1.1

Action                   |  1- 3 |  4- 6 |  7- 9 || total
-------------------------+-------+-------+-------++-------
Melee: Mace              |    59 |    99 |    58 ||   216
       Punch             |       |     1 |       ||     1
 Fire: Hand crossbow     |    40 |    19 |     7 ||    66
Evoke: Wand              |       |     6 |       ||     6
  Use: Scroll            |       |       |     1 ||     1
Armor: Leather armour    |    41 |    65 |    45 ||   151
Dodge: Dodged            |    61 |    84 |    86 ||   231
